 Dungeon Crawl Stone Soup version 0.30-a0-137-gd8773701ce (webtiles) character file.

Game seed: 1953708510657180134

12 ReploidZero the Magician (level 2, -2/21 HPs)
             Began as a Demonspawn Wanderer on Sept 23, 2022.
             Slain by a kobold
             ... wielding a +2 whip of electrocution
              (11 damage)
             ... on level 1 of the Dungeon.
             The game lasted 00:02:16 (1021 turns).

ReploidZero the Magician (Demonspawn Wanderer)      Turns: 1021, Time: 00:02:16

Health: -2/21      AC:  2    Str: 11    XL:     2   Next: 20%
Magic:  6/6        EV: 11    Int: 12    God:
Gold:   16         SH:  4    Dex: 14    Spells: 6/7 levels left

rFire   . . .      SeeInvis .    a - +0 dagger
rCold   . . .      Faith    .    b - +0 buckler
rNeg    . . .      Spirit   .    d - +0 robe
rPois   .          Reflect  .    (no helmet)
rElec   .          Harm     .    (no cloak)
rCorr   .          Rampage  .    (no gloves)
Will    .....                    (no boots)
Stlth   +.........               (no amulet)
HPRegen 0.07/turn                (no ring)
MPRegen 0.10/turn                (no ring)

@: no status effects
A: powered by pain 1
a: no special abilities


You were on level 1 of the Dungeon.
You visited 1 branch of the dungeon, and saw 1 of its levels.

You collected 16 gold pieces.

Inventory:

Hand Weapons
 a - a +0 dagger (weapon)
Armour
 b - a +0 buckler (worn)
 d - a +0 robe (worn)
Scrolls
 g - 2 scrolls of identify {unknown}
 h - a scroll of enchant weapon {unknown}
Potions
 c - 2 potions of heal wounds
 e - a potion of attraction
 f - a potion of degeneration {unknown}
 i - a potion of magic {unknown}


   Skills:
 + Level 1.3 Fighting
 + Level 1.2 Dodging
 + Level 2.0 Shields
 + Level 3.1 Spellcasting
 + Level 2.8 Transmutations


You had 6 spell levels left.
You knew the following spells:

 Your Spells              Type           Power      Damage    Failure   Level
a - Sting                 Tmut/Pois      20%        1d4       19%         1

Your spell library contained the following spells:

 Spells                   Type           Power      Damage    Failure   Level
 Passwall                 Tmut/Erth      4%         N/A       26%         2
 Magic Dart               Conj           4%         1d3       32%         1
 Call Imp                 Summ           1%         N/A       43%         2
 Spider Form              Tmut/Pois      5%         N/A       47%         3
 Mephitic Cloud           Conj/Pois/Air  1%         N/A       67%         3


Dungeon Overview and Level Annotations

Branches:
Dungeon (1/15)

Altars:


Innate Abilities, Weirdness & Mutations

You sometimes gain a little power by taking damage.


Message History

You kill the rat!
Your Shields skill increases to level 2!
No target in view!
No target in view!
You pick up a book of Minor Magic and begin reading...
You add the spells Magic Dart, Call Imp and Mephitic Cloud to your library.
Okay, then.
You open the door.
There is an open door here.
You open the door.
There is an open door here.
There is a stone staircase leading down here.
Found a leather armour.
You see here 7 stones.
g - 2 scrolls labelled OPRESE ZUCO (gained 1)
A kobold comes into view. It is wielding a +0 short sword.
The kobold shouts!
A kobold is nearby!
A kobold is nearby!
A kobold is nearby!
A ball python comes into view.
The ball python hisses angrily.
A kobold comes into view.
It is wielding a +2 whip of electrocution.
The kobold hits you with a +0 short sword.
You barely miss the kobold. The kobold barely misses you.
You hit the ball python.
You kill the ball python!
The kobold closely misses you.
You hit the kobold.
You kill the kobold!
You block the kobold's attack.
You hit the kobold but do no damage.
The kobold hits you with a +2 whip of electrocution.
You closely miss the kobold. The kobold barely misses you.
You closely miss the kobold. The kobold closely misses you.
You miss the kobold.
The kobold hits you with a +2 whip of electrocution.
You are electrocuted!
Ouch! That really hurt!
You die...

#.......# #......# #....# #
#.......#####......# #....# #
#..................# #....###
#....................+.......
#######.......########....###
#.......# ##.....# #
#.......# ..##.##### #
#......)#....#...# .
######@......#.#.# .
#K....###...# . #.....# #.>.#
.. #.....# #...# ......#
#.#.# ......# #...# ......#
#.#.# ....#### #...#
######.#.######


You could see a kobold.

Vanquished Creatures
  2 endoplasms (D:1)
  3 hobgoblins (D:1)
  A quokka (D:1)
  A ball python (D:1)
  A frilled lizard (D:1)
  A kobold (D:1)
  3 rats (D:1)
12 creatures vanquished.

Notes
Turn   | Place    | Note
-------+----------+-------------------------------------------
     0 | D:1      | ReploidZero the Demonspawn Wanderer began the quest for the
                  | Orb.
     0 | D:1      | ReploidZero set off with the following items: a +0 dagger,
                  | a +0 buckler, a potion of heal wounds, a +0 robe, a potion
                  | of attraction; and the following spell memorised: Sting;
                  | and the following spells available to memorise: Passwall,
                  | Spider Form.
     0 | D:1      | Reached XP level 1. HP: 15/15 MP: 4/4
   570 | D:1      | Gained mutation: You sometimes gain a little power by
                  | taking damage. [demonic ancestry]
   570 | D:1      | Reached XP level 2. HP: 17/21 MP: 0/6
  1021 | D:1      | Slain by a kobold

Illustrated notes

Levels and vault maps discovered:
D:1:      lemuel_arrival_hallway, layout_basic

Skill      XL: |  1  2 |
---------------+-------+-----
Shields        | 2 |  2.0
Fighting       | |  1.3
Dodging        | |  1.2
Spellcasting   | |  3.1
Transmutations | |  2.8

Action                   || total
-------------------------++-------
Melee: Dagger            ||    38
 Cast: Sting             ||     8
Armor: Robe              ||     4
Dodge: Dodged            ||    12
Block: Buckler           ||     8

Table legend: (Time is in decaauts)
 A = Elapsed time spent in this place.
 B = Non-inter-level travel time spent in this place.
 C = Inter-level travel time spent in this place.
 D = Time resting spent in this place.
 E = Time spent auto-exploring this place.
 F = Levels seen in this place.
 G = Mean time per level.
                   A        B        C        D        E       F      G
               +--------+--------+--------+--------+--------+-----+--------+
         Total |   1022 |   1022 |      0 |      0 |    914 |   1 | 1022.0 |
       Dungeon |   1022 |   1022 |      0 |      0 |    914 |   1 | 1022.0 |
               +--------+--------+--------+--------+--------+-----+--------+

Top non-repeatable levels by time:
     D:1: 1022 daAuts
